 Dungeon Sprint DCSS version 0.27-a0-1548-gf8a67e7463 (webtiles) character file.

Game seed: 9851074942826229016

695 mhtbhm the Cleaver (level 7, -5/69 HPs)
             Began as a Minotaur Fighter on July 13, 2021.
             Was a High Priest of the Shining One.
             Slain by a phantasmal warrior (28 damage)
             ... in the Dungeon (Sprint VII: "The Pits").
             The game lasted 00:01:31 (711 turns).

mhtbhm the Cleaver (Minotaur Fighter)                Turns: 711, Time: 00:01:32

Health: -5/69      AC: 12    Str: 22    XL:     7   Next: 37%
Magic:  8/11       EV:  9    Int:  5    God:    the Shining One [*****.]
Gold:   0          SH: 11    Dex: 10    Spells: 6/6 levels left

rFire    . . .     SeeInvis .   a - +2 hand axe (vorpal)
rCold    . . .     Faith    .   c - +0 kite shield
rNeg     + + .     Spirit   .   b - +3 scale mail
rPois    .         Reflect  .   (helmet restricted)
rElec    .         Harm     .   m - +0 cloak
rCorr    .         Rampage  .   (no gloves)
Will     .....     NoTele   +   (no boots)
Stlth    ..........             (no amulet)
HPRegen  0.21/turn              (no ring)
MPRegen  0.12/turn              (no ring)

@: weak-willed, glowing
A: horns 2, retaliatory headbutt
a: Renounce Religion, Divine Shield, Cleansing Flame, Summon Divine Warrior


You were in the Dungeon.
You worshipped the Shining One.
The Shining One was extremely pleased with you.
You visited 1 branch

Inventory:

Hand Weapons
 a - a +2 vorpal hand axe (weapon)
Armour
 b - a +3 scale mail (worn)
 c - a +0 kite shield (worn)
 m - a +0 cloak (worn)
Wands
 n - a wand of digging (3)
Scrolls
 j - a scroll of blinking
 k - 5 scrolls of amnesia
 l - a scroll of summoning
Potions
 d - a potion of might
 e - 5 potions of curing
 f - 2 potions of heal wounds
 g - a potion of haste
 h - 4 potions of magic
 i - 2 potions of berserk rage


   Skills:
 + Level 8.7 Fighting
 + Level 10.1 Axes
 + Level 8.9 Armour
 + Level 2.8 Dodging
 + Level 0.1 Stealth
 + Level 9.0 Shields
 * Level 6.9 Invocations


You had 6 spell levels left.
You didn't know any spells.
Your spell library was empty.

Dungeon Overview and Level Annotations

Branches:
Dungeon (1/1)

Altars:
Ashenzari
Cheibriados
Dithmenos
Elyvilon
Fedhas
Gozag
Hepliaklqana
Kikubaaqudgha
Makhleb
Nemelex Xobeh
Okawaru
Qazlal
Ru
Sif Muna
Trog
Uskayaw
Vehumet
Wu Jian
Xom
Yredelemnul
Zin
The Shining One
Beogh
Jiyva
Lugonu


Innate Abilities, Weirdness & Mutations

You have a pair of horns on your head.
You reflexively headbutt those who attack you in melee.


Message History

The phantasmal warrior is severely damaged.
The phantasmal warrior hits you!!
* * * LOW HITPOINT WARNING * * *
You hit the phantasmal warrior but do no damage.
You headbutt the phantasmal warrior.
The phantasmal warrior is almost destroyed.
You block the phantasmal warrior's attack.
You hit the phantasmal warrior but do no damage.
The phantasmal warrior is almost destroyed.
The phantasmal warrior hits you. The Shining One protects you from harm!
Unknown command.
You feel much better. The phantasmal warrior hits you!
You hit the phantasmal warrior.
The phantasmal warrior is almost destroyed.
You block the phantasmal warrior's attack.
Unknown command.
You hit the phantasmal warrior but do no damage.
You headbutt the phantasmal warrior.
The phantasmal warrior is almost destroyed.
You block the phantasmal warrior's attack.
You hit the phantasmal warrior but do no damage.
The phantasmal warrior is almost destroyed.
The phantasmal warrior hits you but does no damage.
You barely miss the phantasmal warrior.
The phantasmal warrior is almost destroyed.
You block the phantasmal warrior's attack.
You hit the phantasmal warrior but do no damage.
Your headbutt misses the phantasmal warrior.
The phantasmal warrior is almost destroyed.
You hit the phantasmal warrior but do no damage.
The phantasmal warrior is almost destroyed.
The phantasmal warrior hits you!
* * * LOW HITPOINT WARNING * * *
Unknown command.
You feel much better. The phantasmal warrior hits you!!
* * * LOW HITPOINT WARNING * * *
Unknown command.
You feel much better. The phantasmal warrior hits you!!
You die...

#.#........##.......#
#.#........##.......#
#.#####'#####...<...#
#.#...)[)[.##.......#
#.#...)))..##.......#
#)###########.......#
#.)#.#.##..##########
#.......#.## ###
##.#.#.##@# ...#
#.......#W#....#
##.#.#.##h'....+
#.......#†#....#
##.#.#..†.#....#
########## ####


You could see a phantasmal warrior and a polar bear.

Vanquished Creatures
  A tyrant leech (D)
  A fire bat (D)
  A black bear (D)
  An ice beast (D)
  A gnoll sergeant (D)
  A hound (D)
  Crazy Yiuf (D)
  Ijyb (D)
  2 river rats (D)
  An ufetubus (D)
  An adder zombie (D)
  2 bats (D)
  An endoplasm (D)
  A giant cockroach (D)
  A goblin (D)
  A ball python (D)
  A frilled lizard (D)
  A jackal zombie (D)
  2 rats (D)
22 creatures vanquished.

Notes
Turn   | Place    | Note
-------+----------+-------------------------------------------
     0 | D        | mhtbhm the Minotaur Fighter began the quest for the Orb.
     0 | D        | Reached XP level 1. HP: 19/19 MP: 0/0
    19 | D        | Found a bloodstained altar of Trog.
    19 | D        | Found a shimmering blue altar of Sif Muna.
    19 | D        | Found a viscous altar of Jiyva.
    19 | D        | Found a hazy altar of Hepliaklqana.
    19 | D        | Found an opulent altar of Gozag.
    20 | D        | Found a glowing golden altar of the Shining One.
    20 | D        | Found a glowing silver altar of Zin.
    20 | D        | Found a basalt altar of Yredelemnul.
    20 | D        | Found a shimmering altar of Xom.
    20 | D        | Found an ornate altar of the Wu Jian Council.
    20 | D        | Found a sacrificial altar of Ru.
    20 | D        | Found a stormy altar of Qazlal.
    20 | D        | Found an iron altar of Okawaru.
    20 | D        | Found a sparkling altar of Nemelex Xobeh.
    20 | D        | Found a burning altar of Makhleb.
    20 | D        | Found a blossoming altar of Fedhas.
    20 | D        | Found a white marble altar of Elyvilon.
    20 | D        | Found a shadowy altar of Dithmenos.
    20 | D        | Found a snail-covered altar of Cheibriados.
    22 | D        | Found a radiant altar of Vehumet.
    22 | D        | Found a corrupted altar of Lugonu.
    23 | D        | Found a hide-covered altar of Uskayaw.
    23 | D        | Found an ancient bone altar of Kikubaaqudgha.
    23 | D        | Found a broken altar of Ashenzari.
    51 | D        | Became a worshipper of the Shining One
    93 | D        | Reached * piety under the Shining One
   134 | D        | Reached ** piety under the Shining One
   135 | D        | Reached XP level 2. HP: 28/28 MP: 1/1
   236 | D        | Reached *** piety under the Shining One
   245 | D        | Reached skill level 5 in Fighting
   245 | D        | Reached skill level 3 in Axes
   245 | D        | Reached skill level 5 in Shields
   245 | D        | Reached skill level 1 in Invocations
   247 | D        | Reached skill level 5 in Armour
   247 | D        | Reached XP level 3. HP: 21/36 MP: 1/3
   389 | D        | Noticed an ice beast
   389 | D        | Reached **** piety under the Shining One
   389 | D        | Noticed Crazy Yiuf
   397 | D        | Killed Crazy Yiuf
   398 | D        | Reached skill level 4 in Axes
   400 | D        | Reached skill level 5 in Axes
   400 | D        | Reached skill level 1 in Dodging
   400 | D        | Reached XP level 4. HP: 28/44 MP: 3/5
   404 | D        | Killed an ice beast
   405 | D        | Reached skill level 6 in Axes
   405 | D        | Reached XP level 5. HP: 34/51 MP: 3/7
   507 | D        | Noticed a black bear
   511 | D        | Killed a black bear
   512 | D        | Reached skill level 7 in Axes
   512 | D        | Reached skill level 5 in Invocations
   512 | D        | Reached XP level 6. HP: 57/60 MP: 8/8
   527 | D        | Noticed a tyrant leech
   540 | D        | Killed a tyrant leech
   541 | D        | Reached skill level 9 in Axes
   600 | D        | Noticed Ijyb
   600 | D        | Reached ***** piety under the Shining One
   600 | D        | Noticed a fire bat
   605 | D        | Reached XP level 7. HP: 63/69 MP: 10/10
   607 | D        | Killed a fire bat
   608 | D        | Reached skill level 10 in Axes
   614 | D        | Killed Ijyb
   686 | D        | Noticed a polar bear
   686 | D        | Noticed a phantasmal warrior
   700 | D        | HP: 2/69 [phantasmal warrior (23)]
   702 | D        | The Shining One protects you from harm!
   710 | D        | HP: 1/69 [phantasmal warrior (30)]
   711 | D        | Slain by a phantasmal warrior

Illustrated notes

Levels and vault maps discovered:
D:        pitsprint [storerooms_1, entrance_room_1, metal_vault_4, armoury_2,
          mini_pit_1, grid_room_1, main_hall_1, silver_pit, the_coven_1,
          the_vestibule_1, steel_vault_2, golden_pit, hallway_of_sentries,
          crystal_vault_5, iron_vault_2, final_vault]

Skill      XL: |  1  2  3  4  5  6  7 |
---------------+----------------------+-----
Fighting       | 4 5 6 7 8 |  8.7
Armour         | 4 5 6 7 8 |  8.9
Shields        | 4 5 6 7 8 9 |  9.0
Axes           | 3 5 6 7 9 10 | 10.1
Invocations    | 1 3 4 5 6 |  6.9
Dodging        | 1 2 |  2.8
Stealth        | |  0.1

Action                   |  1- 3 |  4- 6 |  7- 9 || total
-------------------------+-------+-------+-------++-------
Melee: Hand axe          |    29 |    24 |    28 ||    81
       War axe           |     2 |       |       ||     2
       Headbutt          |     7 |     6 |     7 ||    20
Invok: Cleansing Flame   |       |       |     1 ||     1
  Use: Potion            |     1 |     1 |     4 ||     6
Armor: Scale mail        |    15 |    10 |     4 ||    29
Dodge: Dodged            |    10 |     5 |     5 ||    20
Block: Kite shield       |    22 |    12 |    12 ||    46

Table legend: (Time is in decaauts)
 A = Elapsed time spent in this place.
 B = Non-inter-level travel time spent in this place.
 C = Inter-level travel time spent in this place.
 D = Time resting spent in this place.
 E = Time spent auto-exploring this place.
 F = Levels seen in this place.
 G = Mean time per level.
                   A        B        C        D        E       F      G
               +--------+--------+--------+--------+--------+-----+--------+
         Total |    730 |    730 |      0 |    344 |    106 |   1 |  730.0 |
       Dungeon |    730 |    730 |      0 |    344 |    106 |   1 |  730.0 |
               +--------+--------+--------+--------+--------+-----+--------+

Top non-repeatable levels by time:
       D: 730 daAuts
